 Dungeon Crawl Stone Soup version 0.30-a0-1082-g70414cbcbb (webtiles) character file.

Game seed: 8266109187295083376

29363 pokeman the Eclecticist (level 13, 0/70 HPs)
             Began as a Deep Elf Hedge Wizard on Apr 15, 2023.
             Was an Elder of Vehumet.
             Slain by a dire elephant (24 damage)
             ... on level 15 of the Dungeon.
             The game lasted 00:49:27 (20026 turns).

pokeman the Eclecticist (Deep Elf Hedge Wizard)    Turns: 20026, Time: 00:49:28

Health: 0/70       AC: 11    Str:  7    XL:     13   Next: 14%
Magic:  32/37      EV: 25    Int: 25    God:    Vehumet [****..]
Gold:   970        SH:  6    Dex: 17    Spells: 29/49 levels left

rFire   . . .      SeeInvis .    D - +1 short sword (venom)
rCold   + . .      Faith    .    c - +0 buckler
rNeg    . . .      Spirit   .    f - +2 ring mail {rC+}
rPois   +          Reflect  .    A - +0 helmet
rElec   .          Rampage  .    q - +0 cloak
rCorr   .                        X - +0 pair of fencer's gloves {Riposte Dex+3}
Will    +....                    (no boots)
Stlth   ++                       S - amulet of the acrobat
HPRegen 0.31/turn                J - ring of wizardry
MPRegen 0.25/turn                L - ring of poison resistance

@: acrobatic, studying Fighting
A: no striking features
a: Renounce Religion


You were on level 15 of the Dungeon.
You worshipped Vehumet.
Vehumet was greatly pleased with you.
You visited 2 branches of the dungeon, and saw 16 of its levels.

You collected 970 gold pieces.

Inventory:

Hand Weapons
 D - a +1 short sword of venom (weapon)
Armour
 c - a +0 buckler (worn)
 f - a +2 ring mail of cold resistance (worn)
 q - a +0 cloak (worn)
 y - a +2 robe of resistance
 A - a +0 helmet (worn)
 X - the +0 pair of fencer's gloves (worn) {Riposte Dex+3}
   (You found it on level 13 of the Dungeon)

   Riposte:   It allows the wearer to riposte with melee weapons, swiftly
   retaliating against missed or blocked melee attacks.
   Dex:       It affects your dexterity (+3).
Magical Staves
 P - a staff of fire
Jewellery
 J - a ring of wizardry (left hand)
 L - a ring of poison resistance (right hand)
 S - an amulet of the acrobat (around neck)
Wands
 p - a wand of acid (10)
 s - a wand of digging (6)
Scrolls
 a - a scroll of fear
 b - a scroll of amnesia {unknown}
 e - a scroll of poison
 m - a scroll of magic mapping
 n - 2 scrolls of blinking
 r - 7 scrolls of teleportation
 Z - 2 scrolls of immolation {unknown}
Potions
 d - 3 potions of magic
 g - 3 potions of heal wounds
 t - 7 potions of curing
 E - 2 potions of haste
Miscellaneous
 Q - a phial of floods
 T - a phantom mirror
 Y - a box of beasts


   Skills:
 - Level 4.0 Fighting
 - Level 4.0 Armour
 - Level 3.0 Dodging
 - Level 3.0 Stealth
 + Level 5.8 Shields
 * Level 18.5 Spellcasting
 + Level 11.2 Conjurations
 - Level 7.0 Summonings
 - Level 1.1 Translocations
 + Level 3.5 Fire Magic
 - Level 1.1 Ice Magic
 - Level 1.3 Air Magic
 - Level 7.1 Earth Magic
 - Level 1.1 Poison Magic
 - Level 1.0 Evocations


You had 29 spell levels left.
You knew the following spells:

 Your Spells              Type           Power      Damage    Failure   Level
a - Magic Dart            Conj           100%       1d8       1%          1
b - Mephitic Cloud        Conj/Pois/Air  45%        N/A       1%          3
c - Call Imp              Summ           100%       N/A       1%          2
d - Blink                 Tloc           56%        N/A       3%          2
e - Freezing Cloud        Conj/Ice/Air   22%        6-21      4%          5
f - Stone Arrow           Conj/Erth      100%       3d13      1%          3
g - Airstrike             Air            14%        2d(3-19)  5%          4

Your spell library contained the following spells:

 Spells                   Type           Power      Damage    Failure   Level
 Ozocubu's Refrigeration  Ice            14%        4d10      96%         7
 Freeze                   Ice            100%       1d10      1%          1
 Sandblast                Erth           100%       2d20      1%          1
 Shock                    Conj/Air       100%       1d9       1%          1
 Summon Small Mammal      Summ           100%       N/A       1%          1
 Passwall                 Tmut/Erth      34%        N/A       1%          2
 Poisonous Vapours        Pois/Air       58%        N/A       1%          2
 Static Discharge         Conj/Air       100%       2-7/arc   1%          2
 Call Canine Familiar     Summ           55%        N/A       1%          3
 Frozen Ramparts          Ice            56%        1d9       1%          3
 Hailstorm                Conj/Ice       52%        3d12      1%          3
 Apportation              Tloc           56%        N/A       2%          1
 Beastly Appendage        Tmut           46%        N/A       3%          1
 Necrotise                Necr           92%        1d8       3%          1
 Slow                     Hex            92%        N/A       3%          1
 Cigotuvi's Dreadful Rot  Necr/Pois/Air  54%        N/A       3%          2
 Sublimation of Blood     Necr           23%        N/A       5%          2
 Wereblood                Tmut           23%        N/A       5%          2
 Swiftness                Air            29%        N/A       6%          3
 Summon Lightning Spire   Summ/Air       43%        N/A       6%          4
 Leda's Liquefaction      Hex/Erth       20%        N/A       8%          4
 Portal Projectile        Hex/Tloc       50%        N/A       9%          3
 Spider Form              Tmut/Pois      25%        N/A       9%          3
 Summon Hydra             Summ           27%        N/A       82%         7


Dungeon Overview and Level Annotations

Branches:
Dungeon (15/15)            Temple (1/1) D:4            Lair (0/5) D:11
    Orc (0/2) D:11
 Vaults: D:13-14     Depths: D:15

Altars:
Ashenzari
Cheibriados
Dithmenos
Elyvilon
Fedhas
Gozag
Hepliaklqana
Kikubaaqudgha
Makhleb
Nemelex Xobeh
Okawaru
Qazlal
Ru
Sif Muna
Trog
Uskayaw
Vehumet
Wu Jian
Xom
Yredelemnul
Zin
The Shining One

Shops:
D:2 (

Annotations:
D:14 exclusion: ice dragon


Message History

You kill the yak!
Vehumet accepts your kill.
You feel your power returning.
Unknown command.
You start resting.
Magic restored.
You start waiting.
An efreet comes into view.
It is wielding a +1 scimitar of flaming.
Casting: Freezing Cloud (dangerous; 4% risk of failure)
Confirm with . or Enter, or press ? or * to list all spells.
Aiming: Freezing Cloud (dangerous; 4% risk of failure)
Press: ? - help, Dir - move target The efreet is engulfed in freezing vapours.
Unknown command.
The efreet is engulfed in freezing vapours.
Casting: Freezing Cloud (dangerous; 4% risk of failure)
Confirm with . or Enter, or press ? or * to list all spells.
Aiming: Freezing Cloud (dangerous; 4% risk of failure)
Press: ? - help, Dir - move target The efreet is engulfed in freezing vapours.
The efreet is engulfed in freezing vapours.
The efreet is engulfed in freezing vapours.
The efreet gestures at you.
The fireball explodes!
The fireball engulfs you!!
You hear a sizzling sound! x2; You hear a trumpeting!
You hear a skittering sound.
The efreet is engulfed in freezing vapours.
You kill the efreet!
Vehumet accepts your kill.
You start resting.
A dire elephant comes into view.
The dire elephant is engulfed in freezing vapours.
The dire elephant tramples you!
You stumble backwards!
A manticore comes into view.
The dire elephant attacks as you move away!
The dire elephant tramples you!
The dire elephant completely misses you.
The dire elephant attacks as you move away!
The dire elephant tramples you!!
You die...

#......# #......# .
#......# .. #......#
...#####......#+#####+####
..........................
#...#.....................
#.≈.#.≈..§................
#...#...)......Y@.........
.###+###.........#'######+
# #....○.......#.....#
#.≈..........#...<.#
#............########
#H###....##'#......... ##
#....#..#.........
#....'..#.........
#....##.#)........


You could see a dire elephant.

Vanquished Creatures
  3 centaur warriors
  A death knight (D:12)
  2 two-headed ogres (D:12)
  3 boulder beetles
  4 skeletal warriors (D:11)
  2 deep elf pyromancers
  An orc knight (D:12)
  6 ugly things
  A salamander (shapeshifter) (D:14)
  A manticore (D:12)
  3 cyclopes
  Joseph (D:9)
  4 kobold demonologists
  3 gargoyles (D:12)
  An unseen horror (D:12)
  2 efreet
  2 tengu conjurers (D:14)
  8 trolls
  A tarantella (shapeshifter) (D:14)
  Sigmund (D:5)
  4 slime creatures
  6 yaks (D:9)
  A shadow (D:12)
  A yak (shapeshifter) (D:15)
  6 wraiths (D:12)
  A wyvern (D:7)
  A steam dragon (D:9)
  12 vampire mosquitoes
  Menkaure (D:5)
  2 water moccasins
  Duvessa (D:6)
  An acid dragon (D:12)
  8 orc warriors
  A sky beast (D:7)
  3 black bears
  4 ogres
  A boggart (D:12)
  6 centaurs
  3 kobold brigands
  6 bullfrogs
  Blork the orc (D:5)
  2 gnoll sergeants
  4 scorpions
  17 killer bees
  9 wights
  Dowan (D:6)
  3 howler monkeys
  3 hounds
  2 jellies
  2 gnoll boudas
  8 orc priests
  3 sleepcaps
  4 iguanas
  13 orc wizards
  Robin (D:3)
  14 gnolls
  6 adders
  A shadow imp (D:7)
  3 white imps
  An ufetubus (D:4)
  2 worms
  3 dart slugs
  47 orcs
  4 ball pythons
  6 endoplasms
  6 giant cockroaches
  19 goblins
  19 hobgoblins
  2 quokkas (D:4)
  A bat (D:2)
  3 frilled lizards
  24 kobolds
  8 rats
361 creatures vanquished.

Vanquished Creatures (collateral kills)
  A water moccasin (D:7)
  An orc warrior (D:7)
  A bullfrog (D:7)
  A kobold (D:8)
4 creatures vanquished.

Vanquished Creatures (others)
  A killer bee (D:8)
  13 fungi (D:11)
  15 plants
  5 toadstools (D:1)
34 creatures vanquished.

Grand Total: 399 creatures vanquished

Notes
Turn   | Place    | Note
-------+----------+-------------------------------------------
     0 | D:1      | pokeman the Deep Elf Hedge Wizard began the quest for the
                  | Orb.
     0 | D:1      | Reached XP level 1. HP: 10/10 MP: 7/7
   285 | D:1      | Reached XP level 2. HP: 15/15 MP: 6/9
   793 | D:1      | Reached skill level 5 in Spellcasting
   841 | D:1      | Found a faded altar of an unknown god.
  1148 | D:1      | Reached XP level 3. HP: 18/20 MP: 3/11
  1152 | D:1      | Learned a level 3 spell: Mephitic Cloud
  1155 | D:1      | Learned a level 2 spell: Call Imp
  1158 | D:1      | Learned a level 2 spell: Blink
  1679 | D:2      | Reached skill level 1 in Fighting
  1842 | D:2      | Reached skill level 1 in Armour
  2080 | D:2      | Reached XP level 4. HP: 25/25 MP: 11/13
  2289 | D:2      | Found Eppaqag's Weapon Shop.
  3004 | D:3      | Noticed Robin
  3131 | D:3      | Killed Robin
  4317 | D:4      | Found a staircase to the Ecumenical Temple.
  4326 | Temple   | Entered the Ecumenical Temple
  4590 | D:4      | Noticed a bullfrog
  4597 | D:4      | Killed a bullfrog
  4598 | D:4      | Reached skill level 6 in Spellcasting
  4598 | D:4      | Reached XP level 5. HP: 24/29 MP: 7/15
  4698 | D:4      | Reached skill level 1 in Poison Magic
  4698 | D:4      | Reached skill level 1 in Evocations
  5031 | D:4      | Noticed an ogre
  5042 | D:4      | Killed an ogre
  5043 | D:4      | Reached skill level 1 in Air Magic
  5043 | D:4      | Reached XP level 6. HP: 34/34 MP: 10/17
  5230 | D:4      | Found a radiant altar of Vehumet.
  5233 | D:4      | Became a worshipper of Vehumet
  5427 | D:5      | Entered Level 5 of the Dungeon
  5458 | D:4      | Reached skill level 7 in Spellcasting
  5736 | D:5      | Reached XP level 7. HP: 39/39 MP: 17/20
  5782 | D:5      | Noticed Blork the orc
  5798 | D:5      | Killed Blork the orc
  6104 | D:5      | Reached skill level 8 in Spellcasting
  6830 | D:5      | Noticed Sigmund
  6842 | D:5      | Killed Sigmund
  6843 | D:5      | Reached XP level 8. HP: 33/44 MP: 20/22
  6967 | D:5      | Noticed Menkaure
  6973 | D:5      | Killed Menkaure
  6974 | D:5      | Reached skill level 9 in Spellcasting
  7318 | D:6      | Reached * piety under Vehumet
  7318 | D:6      | Offered knowledge of Sandblast by Vehumet.
  7380 | D:6      | Reached skill level 5 in Conjurations
  7578 | D:6      | Found a sparkling altar of Nemelex Xobeh.
  7579 | D:6      | Found a shimmering altar of Xom.
  7599 | D:6      | Reached skill level 10 in Spellcasting
  7654 | D:6      | Found a broken altar of Ashenzari.
  7663 | D:6      | Noticed Duvessa
  7671 | D:6      | Noticed Dowan
  7681 | D:6      | Killed Duvessa
  7685 | D:6      | Killed Dowan
  8181 | D:6      | Found an iron altar of Okawaru.
  8185 | D:6      | Found a shadowy altar of Dithmenos.
  8188 | D:6      | Found a snail-covered altar of Cheibriados.
  8346 | D:7      | Reached XP level 9. HP: 49/49 MP: 18/25
  8372 | D:7      | Reached skill level 5 in Summonings
  8650 | D:7      | Learned a level 5 spell: Freezing Cloud
  8670 | D:7      | Reached skill level 11 in Spellcasting
  8706 | D:7      | Offered knowledge of Momentum Strike by Vehumet.
  8707 | D:7      | Reached skill level 1 in Ice Magic
  8806 | D:7      | Reached ** piety under Vehumet
  9462 | D:7      | Reached skill level 12 in Spellcasting
  9524 | D:7      | Found a hazy altar of Hepliaklqana.
  9656 | D:8      | Offered knowledge of Inner Flame by Vehumet.
  9869 | D:8      | Reached XP level 10. HP: 28/56 MP: 19/28
 10065 | D:8      | Reached *** piety under Vehumet
 10206 | D:8      | Offered knowledge of Sticky Flame by Vehumet.
 10475 | D:8      | Found a bloodstained altar of Trog.
 10687 | D:9      | Noticed Joseph
 10718 | D:9      | Killed Joseph
 10719 | D:9      | Reached skill level 1 in Earth Magic
 10860 | D:9      | Found a stormy altar of Qazlal.
 10872 | D:9      | Reached skill level 13 in Spellcasting
 11941 | D:10     | Entered Level 10 of the Dungeon
 12263 | D:10     | Reached **** piety under Vehumet
 12273 | D:10     | Reached skill level 14 in Spellcasting
 12323 | D:10     | Reached skill level 1 in Shields
 12660 | D:10     | Found an ornate altar of the Wu Jian Council.
 13044 | D:11     | Noticed a green ugly thing
 13054 | D:11     | Killed a green ugly thing
 13055 | D:11     | Reached XP level 11. HP: 59/61 MP: 23/31
 13167 | D:11     | Found a staircase to the Orcish Mines.
 13355 | D:11     | Noticed a white ugly thing
 13448 | D:11     | Killed a white ugly thing
 13635 | D:11     | Noticed a skeletal warrior
 13706 | D:11     | Learned a level 4 spell: Airstrike
 13819 | D:11     | Found a staircase to the Lair.
 13845 | D:11     | Identified the +0 helmet of Boredom {Harm rElec rN+}
 13872 | D:11     | Noticed a skeletal warrior
 13876 | D:11     | Noticed a skeletal warrior
 13899 | D:11     | Noticed a skeletal warrior
 13910 | D:11     | Killed a skeletal warrior
 14076 | D:11     | Killed a skeletal warrior
 14077 | D:11     | Reached skill level 15 in Spellcasting
 14178 | D:11     | Killed a skeletal warrior
 14216 | D:11     | Killed a skeletal warrior
 14775 | D:12     | Reached skill level 5 in Earth Magic
 14879 | D:12     | Offered knowledge of Stone Arrow by Vehumet.
 14884 | D:12     | Learned a level 3 spell: Stone Arrow
 15133 | D:12     | Reached skill level 16 in Spellcasting
 15299 | D:12     | Noticed a boulder beetle
 15309 | D:12     | Killed a boulder beetle
 15353 | D:12     | Reached XP level 12. HP: 49/66 MP: 20/34
 15383 | D:12     | Noticed a two-headed ogre
 15387 | D:12     | Killed a two-headed ogre
 15423 | D:12     | Reached skill level 10 in Conjurations
 15577 | D:12     | Noticed a boulder beetle
 15589 | D:12     | Killed a boulder beetle
 15599 | D:12     | Reached skill level 17 in Spellcasting
 15602 | D:12     | Noticed a two-headed ogre
 15607 | D:12     | Killed a two-headed ogre
 15755 | D:12     | Noticed a death knight
 15765 | D:12     | Killed a death knight
 16020 | D:12     | Reached skill level 5 in Shields
 16115 | D:12     | Identified the staff of poison "Ymao" {*Slow rElec rPois
                  | Dex+4}
 16130 | D:12     | Reached ***** piety under Vehumet
 16985 | D:13     | Noticed a centaur warrior
 16999 | D:13     | Killed a centaur warrior
 17000 | D:13     | Reached skill level 1 in Fire Magic
 17192 | D:13     | Offered knowledge of Ozocubu's Refrigeration by Vehumet.
 17703 | D:13     | Found the +0 pair of fencer's gloves {Riposte Dex+3}
 17956 | D:13     | Noticed a boulder beetle
 17971 | D:13     | Killed a boulder beetle
 18730 | D:14     | Reached skill level 18 in Spellcasting
 18986 | D:14     | Reached XP level 13. HP: 70/70 MP: 30/37
 19947 | D:15     | Entered Level 15 of the Dungeon
 20017 | D:15     | Noticed a dire elephant
 20026 | D:15     | Slain by a dire elephant

Illustrated notes

Levels and vault maps discovered:
D:1:      tekkud_arrival_beachfront_property, layout_loops_corners,
          hellmonk_ecumenical_altar_leap_of_faith, minmay_gold_behind_fungi,
          minmay_worlds_worst_comb
D:2:      layout_basic, serial_shops, shop
D:3:      layout_loops_ring, uniq_robin
D:4:      layout_basic, kennysheep_mini_moat, minmay_temple_entry_junction,
          minmay_puff
D:5:      layout_basic, uniq_blork_the_orc, uniq_menkaure, uniq_sigmund
D:6:      layout_loops_cross, grunt_temple_overflow_diamond,
          chequers_temple_overflow_statue_of_worship, uniq_duvessa
D:7:      layout_cave_pools, mainiacjoe_overflow_chevrons, minmay_bent
D:8:      corexii_shantytown, layout_rooms, trog_butcher_becter
D:9:      layout_irregular_city, old_standard_altar, uniq_joseph
D:10:     layout_long_grid, pdpol_wu_jian_five_deadly_venoms
D:11:     layout_gridville, grunt_lair_entry_orc_guard_hut, orc_0_dummy
D:12:     minmay_the_grid_octo_tiled_octocenter [minmay_the_grid_octo_toaster,
          minmay_the_grid_octo_odd_swirl, minmay_the_grid_octo_clover_2,
          minmay_the_grid_octo_fan_narrow,
          minmay_the_grid_octo_prize_single_spiral,
          minmay_the_grid_square_5x5_eight_small,
          minmay_the_grid_square_5x5_two_walls_b,
          minmay_the_grid_square_5x5_bridge,
          minmay_the_grid_square_5x5_dogpile], layout_loops_ring,
          kennysheep_small_square
D:13:     layout_gridville, minivault_10
D:14:     layout_basic, david_vaults_4, reono_crystal_passage, minivault_22
D:15:     hangedman_depths_entry_try_elsewhere_first, layout_gridville
Temple:   grunt_temple_mini_profane

Skill      XL: |  1  2  3  4  5  6  7  8  9 10 11 12 |
---------------+-------------------------------------+-----
Spellcasting   | 5 6 7 8 10 12 14 16 18 | 18.5
Fighting       | 1 2 3 4 |  4.0
Armour         | 1 2 3 4 |  4.0
Conjurations   | 2 3 4 5 7 8 9 11 | 11.2
Dodging        | 3 |  3.0
Stealth        | 3 |  3.0
Poison Magic   | 1 |  1.1
Evocations     | 1 |  1.0
Air Magic      | 1 |  1.3
Summonings     | 2 3 4 6 7 |  7.0
Ice Magic      | 1 |  1.1
Earth Magic    | 3 5 7 |  7.1
Shields        | 1 4 5 |  5.8
Fire Magic     | 3 |  3.5
Translocations | |  1.1

Action                     |  1- 3 |  4- 6 |  7- 9 | 10-12 | 13-15 || total
---------------------------+-------+-------+-------+-------+-------++-------
  Melee: Dagger            |    32 |    12 |       |       |       ||    44
         Punch             |     1 |       |     1 |     3 |       ||     5
         Hand axe          |       |    42 |   174 |    19 |       ||   235
         Short sword       |       |       |       |   225 |     2 ||   227
   Cast: Magic Dart        |    83 |   117 |   165 |   134 |     1 ||   500
         Mephitic Cloud    |     1 |     8 |    43 |    62 |     2 ||   116
         Call Imp          |     1 |     1 |     4 |     5 |       ||    11
         Blink             |       |     1 |     4 |     4 |       ||     9
         Freezing Cloud    |       |       |       |    38 |     5 ||    43
         Airstrike         |       |       |       |    24 |       ||    24
         Stone Arrow       |       |       |       |    76 |    10 ||    86
  Evoke: Wand              |       |       |       |     1 |       ||     1
    Use: Potion            |       |       |     1 |       |       ||     1
         Scroll            |       |       |       |    19 |       ||    19
   Stab: Confused          |     1 |     2 |    15 |    33 |       ||    51
         Distracted        |     1 |       |       |       |       ||     1
         Sleeping          |       |     1 |       |       |       ||     1
 Armour: Robe              |    12 |    17 |    46 |    86 |       ||   161
  Dodge: Dodged            |    18 |    39 |   147 |   215 |     3 ||   422
  Block: Buckler           |       |       |       |     8 |     1 ||     9
Riposte: Short sword       |       |       |       |     1 |       ||     1

Table legend: (Time is in decaauts)
 A = Elapsed time spent in this place.
 B = Non-inter-level travel time spent in this place.
 C = Inter-level travel time spent in this place.
 D = Time resting spent in this place.
 E = Time spent auto-exploring this place.
 F = Levels seen in this place.
 G = Mean time per level.
                   A        B        C        D        E       F      G
               +--------+--------+--------+--------+--------+-----+--------+
         Total |  20112 |  19253 |    859 |   1314 |  15022 |  16 | 1257.0 |
       Dungeon |  19838 |  19020 |    818 |   1314 |  14850 |  15 | 1322.5 |
        Temple |    274 |    234 |     40 |      0 |    172 |   1 |  274.0 |
               +--------+--------+--------+--------+--------+-----+--------+

Top non-repeatable levels by time:
    D:12: 2254 daAuts
     D:5: 1550 daAuts
     D:6: 1535 daAuts
     D:9: 1504 daAuts
    D:13: 1495 daAuts
     D:1: 1485 daAuts
    D:11: 1449 daAuts
     D:2: 1398 daAuts
     D:4: 1318 daAuts
    D:14: 1264 daAuts
     D:3: 1203 daAuts
     D:7: 1133 daAuts
     D:8: 1085 daAuts
    D:10: 1081 daAuts
  Temple: 274 daAuts
